 Dungeon Crawl Stone Soup version 0.31.0-32-g396128a36d (webtiles) character file.

Game seed: 15296138458764207062

3625 spaghetti the Summoner (level 10, -3/71 (75) HPs)
             Began as a Naga Summoner on Mar 8, 2024.
             Was a Plaything of Xom.
             Shot with an arrow by an orc warrior (14 damage)
             ... on level 9 of the Dungeon.
             The game lasted 00:16:38 (7370 turns).

spaghetti the Summoner (Naga Summoner)              Turns: 7370, Time: 00:16:38

HP:   -3/71 (75)    AC:  8    Str: 10    XL:     10   Next: 11%
MP:   17/21         EV: 13    Int: 19    God:    Xom [..*...]
Gold: 394           SH:  0    Dex: 13    Spells: 11/24 levels left

rFire   . . .        h - +2 trident (freeze)
rCold   . . .        (no shield)
rNeg    . . .        a - +0 robe
rPois   +            (helmet restricted)
rElec   .            (no cloak)
rCorr   .            (no gloves)
SInv    +            c - +0 barding
Will    +....        (no amulet)
Stlth   ++           t - ring of wizardry
HPRegen 0.31/turn    s - +5 ring of evasion
MPRegen 0.17/turn

%: wizardry (x1)
@: drained, inugami summoned, very slow
A: AC +3, large, see invisible, deformed body, poison resistance, slowness 2,
spit poison 1, naga tail 1, antennae 1
a: Spit Poison, Renounce Religion


You were on level 9 of the Dungeon.
You worshipped Xom.
You were a toy of Xom.
You visited 2 branches of the dungeon, and saw 9 of its levels.

You collected 394 gold pieces.

Inventory:

Hand Weapons
 h - a +2 trident of freezing (weapon)
Missiles
 l - a throwing net
Armour
 a - a +0 robe (worn)
 c - a +0 barding (worn)
 o - a +0 helmet
Magical Staves
 k - a staff of death
Jewellery
 i - a +6 ring of dexterity
 s - a +5 ring of evasion (right hand)
 t - a ring of wizardry (left hand)
Wands
 d - a wand of polymorph (10)
 j - a wand of flame (39)
 r - a wand of quicksilver (6)
Scrolls
 f - 2 scrolls of noise
 g - 3 scrolls of teleportation
 p - a scroll of immolation
Potions
 b - a potion of magic
 m - a potion of haste
 n - 2 potions of enlightenment
 q - 2 potions of mutation


   Skills:
 - Level 1.5 Dodging
 - Level 3.0 Stealth
 + Level 7.5 Spellcasting
 + Level 8.8 Summonings
 - Level 4.0 Fire Magic
 - Level 5.0 Air Magic
 + Level 5.6 Evocations


You had 11 spell levels left.
You knew the following spells:

 Your Spells              Type           Power      Damage    Failure   Level
b - Call Imp              Summ           80%        N/A       1%          2
c - Call Canine Familiar  Summ           40%        N/A       1%          3
d - Summon Blazeheart Go  Fire/Summ      31%        N/A       2%          4
e - Summon Lightning Spi  Summ/Air       33%        N/A       2%          4

Your spell library contained the following spells:

 Spells                   Type           Power      Damage    Failure   Level
 Summon Small Mammal      Summ           100%       N/A       1%          1
 Apportation              Tloc           14%        N/A       4%          1
 Necrotise                Necr           28%        1d5       4%          1
 Sting                    Conj/Alch      28%        1d4       4%          1
 Inner Flame              Hex/Fire       14%        N/A       5%          3
 Jinxbite                 Hex            14%        N/A       6%          2
 Mephitic Cloud           Conj/Alch/Air  13%        N/A       6%          3
 Fugue of the Fallen      Necr           7%         N/A       12%         3
 Ozocubu's Armour         Ice            7%         N/A       12%         3
 Ignite Poison            Fire/Alch      14%        N/A       16%         4
 Sticky Flame             Fire/Alch      14%        2d5       16%         4
 Manifold Assault         Tloc           7%         N/A       34%         4
 Passage of Golubria      Tloc           7%         N/A       34%         4
 Silence                  Hex/Air        8%         N/A       34%         5
 Freezing Cloud           Conj/Ice/Air   6%         6-21      45%         5
 Irradiate                Conj/Alch      3%         3d12      69%         5
 Malign Gateway           Summ/Tloc      11%        N/A       99%         7
 Summon Horrible Things   Summ           20%        N/A       99%         8
 Ignition                 Fire           11%        3d5       100%        8
 Lehudib's Crystal Spear  Conj/Erth      3%         10d3      100%        8


Dungeon Overview and Level Annotations

Branches:
Dungeon (9/15)             Temple (1/1) D:7
   Lair: D:8-11         Orc: D:9-12

Altars:
Ashenzari
Cheibriados
Fedhas
Hepliaklqana
Kikubaaqudgha
Nemelex Xobeh
Okawaru
Ru
Sif Muna
Trog
Uskayaw
Vehumet
Wu Jian
Xom
Yredelemnul
Zin
The Shining One

Shops:
D:4 [


Innate Abilities, Weirdness & Mutations

Your serpentine skin is tough. (AC +3)
You have supernaturally acute eyesight. (SInv)
Armour fits poorly on your strangely shaped body.
Your system is resistant to poisons. (rPois)
You cover ground very slowly.
You can spit poison.
You have a snake-like lower body.
You have a pair of small antennae on your head.


Message History

The orc hits your lightning spire but does no damage.
The orc warrior unwields a +0 long sword.
The orc warrior wields a +0 orcbow.
The orc warrior shoots an arrow.
The arrow hits you!
You hear a howl!
Casting: Summon Lightning Spire (dangerous; 2% risk of failure)
Confirm with . or Enter, or press ? or * to list all spells.
You call for your canine familiar and it appears with a howl!
Your lightning spire shoots out a bolt of lightning at the orc!
The bolt of electricity hits the orc!
The orc dies!
The orc warrior shoots an arrow.
The arrow hits you!
* * * LOW HITPOINT WARNING * * *
The orc warrior shoots an arrow.
The arrow hits you.
* * * LOW HITPOINT WARNING * * *
The orc warrior shoots an arrow.
The arrow misses your inugami. The arrow hits you!
* * * LOW HITPOINT WARNING * * *
Xom roars with laughter!
Unknown command.
Okay, then.
You start resting.
You sense a monster nearby.
You start resting.
Something closely misses your inugami.
Something hits your lightning spire but does no damage.
An orc is nearby!
The orc hits your lightning spire but does no damage. x2
The orc warrior unwields a +0 long sword.
The orc warrior wields a +0 orcbow.
The orc warrior shoots an arrow.
The arrow hits you but does no damage.
Your lightning spire shoots out a bolt of lightning at the orc!
The bolt of electricity hits the orc!
The orc dies!
The bolt of electricity hits your lightning spire.
Your lightning spire completely resists.
Something barely misses your inugami.
Your inugami hits the orc warrior.
The orc warrior shoots an arrow.
The arrow barely misses you.
You feel better. Something misses your inugami.
The orc warrior shoots an arrow.
The arrow hits you!
You die...

.#. .. ###.###
## ..#... #.#
##..#
#.###oh.# #
#..#.#..#.#
#.#..#.)#.#
#.@."8)...#
####.#).#####.
#..<)...$..
####.###o## .#
.. ###


You could see an orc warrior, a friendly lightning spire (summoned) and a
friendly inugami (summoned).

Vanquished Creatures
  An acid dragon (D:5)
  A nameless horror (D:5)
  2 water moccasins (D:7)
  A black bear (D:5)
  A sky beast (D:7)
  2 phantoms (D:6)
  A bullfrog (D:6)
  2 killer bees (D:7)
  2 orc priests
  A hound (D:5)
  A sleepcap (D:6)
  A gnoll bouda (D:7)
  Natasha (D:4)
  An orc wizard (D:6)
  3 gnolls
  6 adders
  A river rat (D:4)
  A ribbon worm (D:4)
  7 orcs
  A bat (D:1)
  An endoplasm (D:4)
  A giant cockroach (D:4)
  2 hobgoblins
  2 ball pythons
  A goblin (D:1)
  A kobold (D:1)
  3 rats (D:4)
48 creatures vanquished.

Vanquished Creatures (collateral kills)
  Joseph (D:8)
  Prince Ribbit (D:5)
  A wyvern (D:7)
  A water moccasin (D:8)
  2 ice beasts
  A sky beast (D:7)
  A black bear (D:6)
  2 phantoms
  Blork the orc (D:4)
  2 bullfrogs
  A scorpion (D:5)
  2 wights (D:9)
  8 killer bees
  3 bombardier beetles
  2 jellies
  2 sleepcaps
  A hound (D:6)
  Natasha (twice) (D:4)
  2 orc wizards (D:8)
  5 adders
  7 gnolls
  A white imp (D:6)
  A dart slug (D:1)
  2 ribbon worms
  13 orcs
  3 ball pythons (D:1)
  A bat (D:1)
  3 endoplasms
  A giant cockroach (D:4)
  3 goblins
  2 hobgoblins
  A quokka (D:4)
  A frilled lizard (D:1)
  3 kobolds
  4 rats (D:1)
87 creatures vanquished.

Vanquished Creatures (others)
  3 blazeheart cores
3 creatures vanquished.

Grand Total: 138 creatures vanquished

Notes
Turn   | Place    | Note
-------+----------+-------------------------------------------
     0 | D:1      | spaghetti the Naga Summoner began the quest for the Orb.
     0 | D:1      | Reached XP level 1. HP: 15/15 MP: 3/3
   376 | D:1      | Reached XP level 2. HP: 22/22 MP: 5/5
   382 | D:1      | Learned a level 2 spell: Call Imp
  1612 | D:2      | Reached XP level 3. HP: 25/28 MP: 1/7
  1685 | D:2      | You fall into a shaft and drop 2 floors!
  1715 | D:4      | Reached XP level 4. HP: 30/36 MP: 2/8
  1722 | D:4      | Reached skill level 5 in Summonings
  1722 | D:4      | Learned a level 3 spell: Call Canine Familiar
  1803 | D:4      | Noticed a phantom
  1827 | D:4      | Killed a phantom
  1828 | D:4      | Reached XP level 5. HP: 19/42 MP: 4/10
  1884 | D:4      | Learned a level 4 spell: Summon Blazeheart Golem
  1956 | D:4      | Noticed Natasha
  1971 | D:4      | Killed Natasha
  2007 | D:4      | Noticed Natasha
  2021 | D:4      | Killed Natasha
  2022 | D:4      | Reached skill level 1 in Fire Magic
  2022 | D:4      | Reached XP level 6. HP: 39/49 MP: 7/12
  2260 | D:4      | Noticed Blork the orc
  2266 | D:4      | Killed Blork the orc
  2267 | D:4      | Reached skill level 6 in Summonings
  2668 | D:4      | Found Yloajies's Armour Shoppe.
  2684 | D:4      | Noticed Natasha
  2819 | D:4      | Killed Natasha
  2820 | D:4      | Reached XP level 7. HP: 15/55 MP: 1/13
  3167 | D:5      | Entered Level 5 of the Dungeon
  3286 | D:5      | Reached skill level 5 in Spellcasting
  3454 | D:5      | Reached skill level 1 in Evocations
  3526 | D:5      | Noticed Prince Ribbit
  3539 | D:5      | Killed Prince Ribbit
  3540 | D:5      | Reached XP level 8. HP: 59/62 MP: 8/16
  3571 | D:5      | Found a sacrificial altar of Ru.
  3739 | D:5      | Found an iron altar of Okawaru.
  3747 | D:5      | Reached skill level 7 in Summonings
  3780 | D:5      | Learned a level 4 spell: Summon Lightning Spire
  3792 | D:5      | Noticed a nameless horror
  3816 | D:5      | Killed a nameless horror
  4367 | D:6      | Reached skill level 1 in Air Magic
  4515 | D:6      | Gained mutation: You have a pair of small antennae on your
                  | head. [potion of mutation]
  4783 | D:6      | Reached XP level 9. HP: 58/68 MP: 11/18
  5203 | D:7      | Found a glowing golden altar of the Shining One.
  5690 | D:7      | Found a staircase to the Ecumenical Temple.
  5737 | D:7      | Reached skill level 8 in Summonings
  6025 | D:7      | Reached skill level 5 in Evocations
  6170 | D:7      | Found a bloodstained altar of Trog.
  6430 | Temple   | Entered the Ecumenical Temple
  6454 | Temple   | Became a worshipper of Xom of Malevolent Giggling
  6907 | D:8      | XOM: silly message
  6926 | D:8      | Got the Verses on Frostbite
  7092 | D:8      | Got the Octavo of the Wyrd and Alteration
  7242 | D:8      | XOM: silly message
  7246 | D:8      | Noticed Joseph
  7256 | D:8      | XOM: potion effect (heal wounds)
  7264 | D:8      | Killed Joseph
  7265 | D:8      | Reached XP level 10. HP: 66/75 MP: 7/21
  7360 | D:9      | Reached skill level 5 in Air Magic
  7363 | D:9      | HP: 1/71 [orc warrior/arrow (11)]
  7370 | D:9      | Shot with an arrow by an orc warrior

Illustrated notes

Levels and vault maps discovered:
D:1:      erik_arrival_triangle_medium, layout_loops_corners
D:2:      minmay_chambers_of_twos, layout_basic, nicolae_ecumenical_lake_church
D:4:      layout_cave_pools, lightli_sewer_entry_pipes, serial_shops, shop,
          reono_crystal_passage, uniq_natasha, uniq_blork_the_orc
D:5:      layout_rooms, hangedman_feature_mirror, minivault_4, minmay_circle_x,
          uniq_prince_ribbit1
D:6:      layout_basic
D:7:      layout_cave_pools, mainiacjoe_overflow_paths, trog_book,
          minmay_temple_entry_statues_pillars
D:8:      layout_rooms, nicolae_elyvilon_peaceful_grove,
          nicolae_overflow_two_pavilions, uniq_joseph
D:9:      layout_loops_ring, nicolae_gozag_cash_rules_everything_around_me,
          lair_entry_dummy, david_orc_1_choice, serial_shops, shop
Temple:   nicolae_temple_two_arcs

Skill      XL: |  1  2  3  4  5  6  7  8  9 10 |
---------------+-------------------------------+-----
Spellcasting   | 3 4 5 6 7 |  7.5
Summonings     | 5 6 7 8 |  8.8
Fire Magic     | 1 2 3 4 |  4.0
Evocations     | 1 3 5 |  5.6
Air Magic      | 2 4 5 |  5.0
Dodging        | |  1.5
Stealth        | |  3.0

Action                     |  1- 3 |  4- 6 |  7- 9 | 10-12 || total
---------------------------+-------+-------+-------+-------++-------
  Melee: Unarmed           |    37 |    35 |       |       ||    72
         Trident           |       |    35 |   146 |     2 ||   183
         Punch             |       |       |     2 |       ||     2
   Cast: Summon Small Mamm |    34 |    17 |    37 |       ||    88
         Call Imp          |    15 |     9 |    34 |       ||    58
         Call Canine Famil |       |    10 |    32 |     1 ||    43
         Summon Blazeheart |       |     3 |    13 |       ||    16
         Summon Lightning  |       |       |    13 |     1 ||    14
Ability: Spit Poison       |     8 |     3 |       |       ||    11
  Evoke: Wand              |       |       |     4 |       ||     4
    Use: Potion            |     1 |     2 |     4 |     1 ||     8
         Scroll            |     1 |     1 |     8 |       ||    10
   Stab: Sleeping          |     1 |     5 |       |       ||     6
         Distracted        |       |     1 |     3 |       ||     4
 Armour: Robe              |    61 |    70 |   191 |    17 ||   339
  Dodge: Dodged            |    30 |    29 |   118 |    11 ||   188
